 Dungeon Crawl Stone Soup version 0.26-a0-712-ga5a9c9c9d0 (webtiles) character file.

Game seed: 7405005587129015264

72 kae the Insei (level 4, 1/25 HPs)
             Began as a Tengu Transmuter on Nov 13, 2020.
             Quit the game on level 2 of the Dungeon.
             The game lasted 00:01:33 (2281 turns).

kae the Insei (Tengu Transmuter)                    Turns: 2281, Time: 00:01:33

Health: 1/25       AC:  2    Str: 11    XL:     4   Next: 26%
Magic:  1/8        EV: 13    Int: 13    God:
Gold:   30         SH:  0    Dex: 15    Spells: 3/7 levels left

rFire    . . .     SeeInvis .     - Unarmed
rCold    + . .     Faith    .   (no shield)
rNeg     . . .     Spirit   +   a - +0 robe
rPois    .         Reflect  .   (helmet currently unavailable)
rElec    .         Harm     .   (no cloak)
rCorr    .         Rampage  .   (no gloves)
MR       .....                  (boots unavailable)
Stlth    +.........             g - amulet of guardian spirit
HPRegen  0.08/turn              b - ring of protection from cold
MPRegen  0.11/turn              (no ring)

@: lethally poisoned (1 -> -7), appendages (expiring)
A: beak, horns 2, talons 3
a: End Transformation


You were on level 2 of the Dungeon.
You had grown temporary horns.
You visited 1 branch of the dungeon, and saw 2 of its levels.

You collected 30 gold pieces.

Inventory:

Armour
 a - a +0 robe (worn)
Jewellery
 b - a ring of protection from cold (left hand)
 g - an amulet of guardian spirit (around neck)
Scrolls
 d - a scroll of blinking
 i - a scroll of noise
Potions
 c - 3 potions of mutation
 e - a potion of brilliance


   Skills:
 - Level 1.0 Fighting
 - Level 2.1 Dodging
 + Level 4.0 Unarmed Combat
 - Level 2.0 Spellcasting
 * Level 2.9 Transmutations
 * Level 1.1 Poison Magic


You had 3 spell levels left.
You knew the following spells:

 Your Spells              Type           Power        Failure   Level
a - Beastly Appendage     Tmut           #.....       8%          1
b - Spider Form           Tmut/Pois      #.........   32%         3

Your spell library contained the following spells:

 Spells                   Type           Power        Failure   Level
 Wereblood                Tmut           #.......     12%         2
 Ice Form                 Ice/Tmut       #.......     80%         4
 Blade Hands              Tmut           #.........   91%         5


Dungeon Overview and Level Annotations

Branches:
Dungeon (2/15)

Altars:


Innate Abilities, Weirdness & Mutations

You have a beak for a mouth.
You have claws for feet.
You have a pair of horns on your head.


Message History

* * * LOW HITPOINT WARNING * * *
Okay, then.
You hit the adder. Your kick misses the adder. Your peck misses the adder.
The adder is severely wounded.
Your transformation is almost over.
* * * LOW HITPOINT WARNING * * *
You feel sick. The adder closely misses you.
You barely miss the adder.
The adder is severely wounded.
* * * LOW HITPOINT WARNING * * *
You feel sick. The adder bites you.
You hit the adder but do no damage. You headbutt the adder.
You kill the adder!
Unknown command.
There is a lethal amount of poison in your body!
There is a lethal amount of poison in your body!
There is a lethal amount of poison in your body!
There is a lethal amount of poison in your body!
Okay, then.
Are you sure you want to abandon this character and quit the game? (Confirm with "yes".)

.#
..........#........
.#
..........#........
.#
..........#.......
#. .#
.........)#....#
#.## .#
...............#
#... ##
.....######....#
#..# ##### #....#
#..# #..†.# #..#
###@## #..## #.#
######.... #.#
........#.
#.###############.
#.............†...
#.################
#.# ###


There were no monsters in sight!

Vanquished Creatures
  An adder (D:2)
  3 worms (D:2)
  A dart slug (D:1)
  2 leopard geckos (D:1)
  4 bats
  4 giant cockroaches
  5 goblins (D:2)
  9 hobgoblins
  5 jackals (D:2)
  2 ball pythons
  A frilled lizard (D:2)
  4 kobolds
  7 rats
48 creatures vanquished.

Notes
Turn   | Place    | Note
-------+----------+-------------------------------------------
     0 | D:1      | kae the Tengu Transmuter began the quest for the Orb.
     0 | D:1      | Reached XP level 1. HP: 12/12 MP: 4/4
   242 | D:1      | Reached XP level 2. HP: 16/16 MP: 4/6
  1164 | D:2      | Reached XP level 3. HP: 20/20 MP: 5/7
  1169 | D:2      | Learned a level 3 spell: Spider Form
  2128 | D:2      | Reached XP level 4. HP: 17/25 MP: 3/8
  2250 | D:2      | Reached skill level 1 in Poison Magic
  2260 | D:2      | Reached skill level 4 in Unarmed Combat
  2279 | D:2      | HP: 1/25 [poisoned by an adder]
  2281 | D:2      | Quit the game

Illustrated notes

Levels and vault maps discovered:
D:1:      zaba_arrival_water, layout_basic
D:2:      layout_basic

Skill      XL: |  1  2  3  4 |
---------------+-------------+-----
Transmutations | 2 |  2.9
Poison Magic   | 1 |  1.1
Unarmed Combat | 4 |  4.0
Fighting       | |  1.0
Dodging        | |  2.1
Spellcasting   | |  2.0

Action                   |  1- 3 |  4- 6 || total
-------------------------+-------+-------++-------
Melee: Unarmed           |   105 |    20 ||   125
       Headbutt          |    12 |     1 ||    13
       Peck              |    17 |     2 ||    19
       Kick              |    23 |     3 ||    26
       Punch             |     2 |       ||     2
 Cast: Beastly Appendage |    23 |     2 ||    25
  Use: Scroll            |     8 |       ||     8
       Potion            |     1 |       ||     1
 Stab: Sleeping          |     1 |       ||     1
Armor: Robe              |    14 |     1 ||    15
Dodge: Dodged            |    79 |    11 ||    90

Table legend: (Time is in decaauts)
 A = Elapsed time spent in this place.
 B = Non-inter-level travel time spent in this place.
 C = Inter-level travel time spent in this place.
 D = Time resting spent in this place.
 E = Time spent auto-exploring this place.
 F = Levels seen in this place.
 G = Mean time per level.
                   A        B        C        D        E       F      G
               +--------+--------+--------+--------+--------+-----+--------+
         Total |   2278 |   2252 |     26 |    383 |   1528 |   2 | 1139.0 |
       Dungeon |   2278 |   2252 |     26 |    383 |   1528 |   2 | 1139.0 |
               +--------+--------+--------+--------+--------+-----+--------+

Top non-repeatable levels by time:
     D:1: 1157 daAuts
     D:2: 1121 daAuts
